 Dungeon Crawl Stone Soup version 0.22-a0-410-g97be04f (webtiles) character file.

4857 iamserjio the Destroyer (level 10, -2/63 HPs)
             Began as a Barachi Wizard on May 11, 2018.
             Was a High Priest of Cheibriados.
             Slain by an orc warrior
             ... wielding a +0 trident
              (12 damage)
             ... on level 9 of the Dungeon.
             The game lasted 00:44:26 (15615 turns).

iamserjio the Destroyer (Barachi Wizard)           Turns: 15615, Time: 00:44:26

Health: -2/63      AC:  9    Str: 27    XL:     10   Next: 50%
Magic:  21/21      EV: 13    Int: 37    God:    Cheibriados [*****.]
Gold:   712        SH:  0    Dex: 29    Spells: 12/23 levels left

rFire    . . .     SeeInvis .   x - +8 flail "Beast's Demise" {elec, Str+4 Int+2 Dex+4}
rCold    + . .     Gourm    .   (no shield)
rNeg     . . .     Faith    .   I - +3 leather armour
rPois    .         Spirit   .   b - +0 hat
rElec    .         Reflect  .   D - scarf {repulsion}
rCorr    .         Harm     .   H - +2 pair of gloves
MR       +....                  (no boots)
Stlth    +++.......             (no amulet)
HPRegen  0.20/turn              N - ring of protection from cold
MPRegen  0.17/turn              e - ring of protection from magic

@: repel missiles, very slow
A: +LOS, swims, slowness 1, strong legs 1
a: Hop, Bend Time, Temporal Distortion, Slouch, Step From Time, Renounce
Religion


You were on level 9 of the Dungeon.
You worshipped Cheibriados.
Cheibriados was extremely pleased with you.
You were not hungry.

You visited 1 branch of the dungeon, and saw 9 of its levels.
You also visited: Ossuary.

You collected 712 gold pieces.

Inventory:

Hand Weapons
 x - the +8 flail "Beast's Demise" (weapon) {elec, Str+4 Int+2 Dex+4}
   (You took it off a hobgoblin on level 4 of the Dungeon)

   Occasionally, upon striking a foe, it will discharge some electrical energy
   and cause terrible harm.
   It affects your strength (+4).
   It affects your intelligence (+2).
   It affects your dexterity (+4).
 B - the +5 falchion of Irytienlo {antimagic, +Fly rN+ Int+4}
   (You found it on level 5 of the Dungeon)

   It reduces the magical energy of the wielder, and disrupts the spells and
   magical abilities of those hit.
   Natural abilities and divine invocations are not affected.
   It affects your intelligence (+4).
   It protects you from negative energy.
   It lets you fly.
 Q - the +1 quarterstaff of Regicide {speed, rElec Str-2 Int+2}
   (You found it on level 8 of the Dungeon)

   Attacks with this weapon are significantly faster.
   It affects your strength (-2).
   It affects your intelligence (+2).
   It insulates you from electricity.
   Cheibriados disapproves of the use of such an item.
Armour
 b - a +0 hat (worn)
 y - a +0 scale mail
 A - a +2 chain mail of fire resistance
 D - a scarf of repulsion (worn)
 H - a +2 pair of gloves (worn)
 I - a +3 leather armour (worn)
Magical Staves
 J - an uncursed staff of cold
Jewellery
 e - a ring of protection from magic (right hand)
 u - an uncursed ring of ice
 N - a ring of protection from cold (left hand)
Wands
 t - a wand of polymorph (1)
 z - a wand of paralysis (26)
 F - a wand of iceblast (8)
 P - a wand of acid (6)
 R - a wand of disintegration (16)
Scrolls
 a - 2 scrolls of identify
 c - 2 scrolls of enchant weapon {unknown}
 g - a scroll of brand weapon {unknown}
 i - a scroll of blinking
 m - 3 scrolls of teleportation
 n - 5 scrolls of remove curse
 o - 3 scrolls of enchant armour {unknown}
 q - 2 scrolls of magic mapping
 v - a scroll of fog {unknown}
 L - a scroll of noise
 M - a scroll of fear {unknown}
 S - a scroll of amnesia {unknown}
Potions
 f - 7 potions of curing
 h - a potion of brilliance {unknown}
 j - 3 potions of heal wounds
 k - 3 potions of agility {unknown}
 l - 2 potions of haste {unknown}
 p - 3 potions of degeneration {unknown}
 r - 2 potions of magic {unknown}
 s - 4 potions of resistance
 w - a potion of lignification {unknown}
 C - a potion of mutation {unknown}
 E - a potion of flight {unknown}
 G - 2 potions of might
 K - a potion of ambrosia {unknown}
Comestibles
 d - 10 rations
 O - 4 chunks of flesh


   Skills:
 * Level 5.8 Maces & Flails
 - Level 5.0 Armour
 - Level 2.1 Dodging
 - Level 1.7 Stealth
 + Level 7.3 Spellcasting
 * Level 9.5 Conjurations
 - Level 1.2 Summonings
 - Level 1.1 Translocations
 - Level 6.0 Fire Magic
 - Level 5.0 Invocations


You had 12 spell levels left.
You knew the following spells:

 Your Spells              Type           Power        Failure   Level  Hunger
a - Magic Dart            Conj           ####         1%          1    None
b - Conjure Flame         Conj/Fire      ######..     1%          3    None
c - Blink                 Tloc           N/A          3%          2    None
d - Call Imp              Summ           ###.....     3%          2    None
e - Mephitic Cloud        Conj/Pois/Air  #####...     2%          3    None


Dungeon Overview and Level Annotations

Branches:
Dungeon (9/15)             Temple (0/1) D:7
   Lair: D:8-11         Orc: D:9-12

Altars:
Ashenzari
Cheibriados
Dithmenos
Elyvilon
Gozag
Makhleb
Okawaru
Trog
Uskayaw
Vehumet
Wu Jian
Xom
The Shining One

Shops:
D:4 =   D:6 [:[(!   D:7 [=   D:9 *


Innate Abilities, Weirdness & Mutations

Shadows flee at your approach. (+LOS)
You can swim through water.
You cover ground slowly.
You can hop short distances.


Message History

The orc wizard hits you but does no damage.
The orc warrior hits you but does no damage.
You closely miss the orc warrior.
The orc warrior is severely wounded.
The orc wizard hits you but does no damage.
The orc hits you but does no damage.
The orc warrior hits you with a trident!
The orc wizard misses you.
The orc wizard points at you and mumbles some strange words.
The puff of flame misses you.
The orc warrior hits you from afar with a trident.
The orc wizard hits you but does no damage.
The orc warrior hits you from afar with a trident!
* * * LOW HITPOINT WARNING * * *
You see here a hand axe.
You sock the orc wizard!
The orc wizard is severely wounded.
The orc wizard looks encouraged for a moment.
The orc warrior hits you from afar with a trident!
You die...

#####################
#................)..#
#.#################.#####
#.# #.....# #.# #..##.#
#.# ######..##.# #.#
#.......##.# #.#
#.#####.##.# #.# #@#
#.##.# #.######## #o#
#.##.# #........# #..oo.#
#.##.#
##########.##......#
#.##.#
...........##8.....#
#.##.#
.############......# ..
.# #.##'### .# #∩ #.# .#
#. #.#


You could see an orc warrior, an orc wizard and an orc.

Vanquished Creatures
  A two-headed ogre (D:9)
  The ghost of iamserjio the Conjurer, a novice BaWz (D:4)
  2 hippogriffs
  3 yaks (D:9)
  Edmund (D:6)
  A water moccasin (D:6)
  2 sky beasts (D:7)
  An ice beast (D:8)
  A necrophage (D:5)
  3 phantoms
  An ogre (D:7)
  A crocodile (D:7)
  2 centaurs
  2 big kobolds
  2 bullfrogs
  2 water moccasin zombies (Ossuary)
  2 scorpions
  5 killer bees (D:8)
  A howler monkey (D:6)
  A bullfrog zombie (D:7)
  3 crimson imps
  6 hounds
  An orc priest (D:5)
  A jelly (D:5)
  9 orc wizards
  A bullfrog skeleton (D:5)
  An iguana (D:6)
  3 worker ants
  Ijyb (D:3)
  A big kobold zombie (Ossuary)
  2 hound skeletons
  2 mummies
  A worker ant zombie (D:8)
  11 gnolls
  A howler monkey skeleton (D:8)
  8 adders
  2 shadow imps
  An ooze (D:3)
  3 adder skeletons
  An adder zombie (Ossuary)
  5 worms
  A dart slug (D:1)
  3 leopard geckos
  19 orcs
  14 bats
  5 giant cockroaches
  4 gnoll zombies (Ossuary)
  29 hobgoblins
  7 jackals (D:4)
  2 quokkas
  2 ball pythons
  6 frilled lizards
  29 goblins
  3 hobgoblin zombies
  27 kobolds
  5 kobold zombies
  6 orc zombies (Ossuary)
  9 rats
270 creatures vanquished.

Vanquished Creatures (collateral kills)
  A mummy (Ossuary)
  A hobgoblin zombie (Ossuary)
  An orc zombie (Ossuary)
3 creatures vanquished.

Grand Total: 273 creatures vanquished

Notes
Turn   | Place    | Note
-------+----------+-------------------------------------------
     0 | D:1      | iamserjio the Barachi Wizard began the quest for the Orb.
     0 | D:1      | Reached XP level 1. HP: 13/13 MP: 4/4
   286 | D:1      | Reached skill level 2 in Conjurations
   286 | D:1      | Reached XP level 2. HP: 19/19 MP: 0/6
  1137 | D:1      | Reached XP level 3. HP: 24/24 MP: 4/8
  1495 | D:2      | Reached skill level 3 in Conjurations
  2000 | D:2      | Reached XP level 4. HP: 30/30 MP: 4/9
  2329 | D:2      | Learned a level 3 spell: Conjure Flame
  2332 | D:2      | Learned a level 2 spell: Blink
  2335 | D:2      | Learned a level 2 spell: Call Imp
  2339 | D:2      | Learned a level 3 spell: Mephitic Cloud
  2687 | D:2      | Found a burning altar of Makhleb.
  2694 | D:2      | Reached skill level 4 in Conjurations
  3105 | D:2      | Found a snail-covered altar of Cheibriados.
  3105 | D:2      | Found a shadowy altar of Dithmenos.
  3105 | D:2      | Found an ornate altar of the Wu Jian Council.
  3110 | D:2      | Found a hide-covered altar of Uskayaw.
  3110 | D:2      | Found an opulent altar of Gozag.
  3114 | D:2      | Found a white marble altar of Elyvilon.
  3128 | D:2      | Became a worshipper of Cheibriados the Contemplative
  3220 | D:3      | Reached XP level 5. HP: 35/35 MP: 4/11
  4327 | D:3      | Noticed Ijyb
  4427 | D:2      | Reached skill level 1 in Fire Magic
  4870 | D:3      | Killed Ijyb
  4959 | D:3      | Reached * piety under Cheibriados
  5191 | D:4      | Found Anisoa's Jewellery Shop.
  5331 | D:4      | Found a sand-covered staircase.
  5341 | D:4      | Reached XP level 6. HP: 8/41 MP: 2/12
  5414 | Ossuary  | Entered an ossuary
  6202 | Ossuary  | Reached skill level 5 in Conjurations
  6938 | D:4      | Found an iron altar of Okawaru.
  7114 | D:4      | Noticed iamserjio's ghost (novice BaWz)
  7126 | D:4      | Killed iamserjio's ghost
  7126 | D:4      | Reached ** piety under Cheibriados
  7126 | D:4      | Reached skill level 5 in Spellcasting
  7126 | D:4      | Reached skill level 6 in Conjurations
  7126 | D:4      | Reached XP level 7. HP: 43/46 MP: 3/14
  7867 | D:4      | Found a glowing golden altar of the Shining One.
  8000 | D:4      | Reached skill level 5 in Fire Magic
  8000 | D:4      | Reached XP level 8. HP: 44/52 MP: 5/16
  8350 | D:4      | Reached *** piety under Cheibriados
  8442 | D:4      | Reached skill level 7 in Conjurations
  8630 | D:4      | Got a fine flail {elec}
  9237 | D:4      | Reached **** piety under Cheibriados
  9535 | D:4      | Identified the +8 flail "Beast's Demise" {elec, Str+4 Int+2 Dex+4} (You took it off a hobgoblin on level 4 of the Dungeon)
  9765 | D:4      | Reached ***** piety under Cheibriados
  9967 | D:5      | Entered Level 5 of the Dungeon
 10002 | D:5      | Reached skill level 1 in Maces & Flails
 10355 | D:5      | Got a transparent falchion
 10359 | D:5      | Identified the +5 falchion of Irytienlo {antimagic, +Fly rN+ Int+4} (You found it on level 5 of the Dungeon)
 10593 | D:5      | Reached skill level 1 in Invocations
 11371 | D:6      | Found Ytzuetea's Armour Shoppe.
 11377 | D:6      | Found Ageasoumn's Book Boutique.
 11380 | D:6      | Reached skill level 1 in Armour
 11380 | D:6      | Reached XP level 9. HP: 56/56 MP: 16/18
 11404 | D:6      | Noticed Edmund
 11421 | D:6      | Killed Edmund
 11539 | D:6      | Found Ynaija Xefi's Weapon Boutique.
 11613 | D:6      | Found a shimmering altar of Xom.
 11903 | D:6      | Found Xom Qarr's Distillery.
 11903 | D:6      | Found Pustiyc's Antique Armour Emporium.
 12338 | D:7      | Found a shimmering altar of Xom.
 12362 | D:7      | Found Dueblyull's Armour Emporium.
 12856 | D:7      | Reached skill level 8 in Conjurations
 13093 | D:7      | Found a shattered altar of Ashenzari.
 13093 | D:7      | Found Nadyse's Jewellery Shoppe.
 13538 | D:7      | Found a staircase to the Ecumenical Temple.
 14037 | D:8      | Got an ebony quarterstaff
 14253 | D:8      | Reached XP level 10. HP: 55/63 MP: 20/20
 14404 | D:8      | Identified the cursed +1 quarterstaff of Regicide {speed, rElec Str-2 Int+2} (You found it on level 8 of the Dungeon)
 14689 | D:8      | Found a bloodstained altar of Trog.
 14865 | D:9      | Reached skill level 5 in Armour
 15137 | D:9      | Reached skill level 9 in Conjurations
 15142 | D:9      | Reached skill level 5 in Maces & Flails
 15142 | D:9      | Reached skill level 5 in Invocations
 15405 | D:9      | Noticed a two-headed ogre
 15412 | D:9      | Killed a two-headed ogre
 15479 | D:9      | Found a radiant altar of Vehumet.
 15603 | D:9      | Found Ryegoqes's Assorted Antiques.
 15615 | D:9      | Slain by an orc warrior

Vault maps used:
D:1:      dpeg_arrival_boxorama
D:2:      makhleb_blood_cavern_becter, grunt_temple_overflow_open
D:3:      uniq_ijyb
D:4:      minmay_goblin_kobold_castle, okawaru_ov_weapons_minmay,
          nicolae_tso_carved_into_rock, first_ration, serial_shops, shop,
          nicolae_ossuary_entry_giza
D:6:      serial_shops, shop_statue, shop_coins,
          nicolae_shop_overgrown_old_shop, shop, shop_statue, tgw_xom,
          uniq_edmund
D:7:      nicolae_overflow_crystal_walls, kennysheep_little_box, temple_hall,
          serial_shops, shop_fountains, nicolae_shop_statue_plus
D:8:      kennysheep_mini_moat
D:9:      marbit_many_paths, serial_shops, shop_statue
Ossuary:  ossuary_tomb_2

Skill      XL: |  1  2  3  4  5  6  7  8  9 10 |
---------------+-------------------------------+-----
Conjurations   | 2 3 4 6 7 8 9 |  9.5
Spellcasting   | 4 5 6 7 |  7.3
Fire Magic     | 2 4 5 6 |  6.0
Maces & Flails | 3 4 5 |  5.8
Invocations    | 2 4 5 |  5.0
Armour         | 1 4 5 |  5.0
Dodging        | |  2.1
Stealth        | |  1.7
Summonings     | |  1.2
Translocations | |  1.1

Action                   |  1- 3 |  4- 6 |  7- 9 | 10-12 || total
-------------------------+-------+-------+-------+-------++-------
Melee: Dagger            |     1 |       |       |       ||     1
       Short sword       |    14 |    13 |       |       ||    27
       Whip              |       |    48 |    57 |       ||   105
       Flail             |       |       |   163 |    58 ||   221
 Cast: Magic Dart        |    82 |   134 |   200 |    10 ||   426
       Conjure Flame     |       |     7 |     3 |     1 ||    11
       Call Imp          |       |     8 |       |       ||     8
       Mephitic Cloud    |       |       |     4 |       ||     4
Invok: Slouch            |       |       |       |     1 ||     1
 Abil: Hop               |       |     1 |     2 |       ||     3
Evoke: Wand              |       |       |     1 |       ||     1
  Use: Scroll            |       |     7 |     5 |     2 ||    14
       Potion            |       |       |     3 |       ||     3
 Stab: Confused          |       |       |     1 |       ||     1
       Sleeping          |       |       |       |     1 ||     1
  Eat: Chunk             |     3 |     7 |     9 |       ||    19
       Ration            |       |     2 |       |     1 ||     3
Armor: Robe              |    11 |    14 |    10 |       ||    35
       Skin              |       |     6 |       |       ||     6
       Scale mail        |       |       |    59 |       ||    59
       Leather armour    |       |       |     8 |    23 ||    31
Dodge: Dodged            |    19 |    51 |   183 |    50 ||   303
       Deflected         |       |       |     5 |     1 ||     6

Table legend:
 A = Spawn XP
 B = Non-spawn XP
 C = Spawn XP percentage of total XP
 D = Spawn monster count
 E = Non-spawn monster count
 F = Spawn count percentage of total count
 G = Total turns spent on level
                    A         B        C        D         E        F      G
               +---------+---------+-------+---------+---------+-------+---------
         Total |       0 |    6939 |   0.0 |       0 |     273 |   0.0 | 15615
               +---------+---------+-------+---------+---------+-------+---------
           D:1 |       0 |      48 |   0.0 |       0 |      29 |   0.0 |  1446
           D:2 |       0 |     139 |   0.0 |       0 |      25 |   0.0 |  2210
           D:3 |       0 |      86 |   0.0 |       0 |      19 |   0.0 |  1525
           D:4 |       0 |    1189 |   0.0 |       0 |      89 |   0.0 |  3377
           D:5 |       0 |     627 |   0.0 |       0 |      16 |   0.0 |  1331
           D:6 |       0 |     599 |   0.0 |       0 |      13 |   0.0 |   996
           D:7 |       0 |    1217 |   0.0 |       0 |      28 |   0.0 |  1352
           D:8 |       0 |     534 |   0.0 |       0 |      11 |   0.0 |  1002
           D:9 |       0 |    2307 |   0.0 |       0 |      19 |   0.0 |   967
       Ossuary |       0 |     193 |   0.0 |       0 |      24 |   0.0 |  1409
               +---------+---------+-------+---------+---------+-------+---------
